 Dungeon Crawl Stone Soup version 0.30-a0-782-ge64f9170bb (webtiles) character file.

Game seed: 18170620711429226705

29353 senseless the Severer (level 13, -1/110 (115) HPs)
             Began as a Minotaur Fighter on Mar 3, 2023.
             Was a High Priest of Qazlal.
             Killed from afar by a tengu reaver (28 damage)
             ... with a bolt of fire
             ... on level 13 of the Dungeon.
             The game lasted 00:36:39 (13408 turns).

senseless the Severer (Minotaur Fighter)           Turns: 13408, Time: 00:36:40

HP:   -1/110 (115)  AC: 21    Str: 25    XL:     13   Next: 14%
MP:   12/12         EV: 13    Int:  5    God:    Qazlal [*****.]
Gold: 712           SH: 29    Dex: 11    Spells: 12/12 levels left

rFire   + . .      SeeInvis +    f - +2 broad axe (flame)
rCold   . . .      Faith    .    j - +5 kite shield
rNeg    . . .      Spirit   .    A - +0 plate armour
rPois   .          Reflect  +    (helmet unavailable)
rElec   .          Harm     .    a - +0 cloak
rCorr   .          Rampage  .    l - +0 pair of gloves
Will    +....                    B - +2 pair of boots Stlth
                                 n - amulet of reflection
HPRegen 0.00/turn                r - +5 ring of evasion
MPRegen 0.13/turn                c - ring of willpower

@: protected from fire, inhibited regen, lightly drained, repel missiles
A: horns 3, retaliatory headbutt, see invisible, inhibited regeneration, noise
suppression
a: Renounce Religion, Upheaval, Elemental Force, Disaster Area


You were on level 13 of the Dungeon.
You worshipped Qazlal.
Qazlal was extremely pleased with you.
You visited 1 branch of the dungeon, and saw 13 of its levels.

You collected 797 gold pieces.
You spent 85 gold pieces at shops.

Inventory:

Hand Weapons
 f - a +2 broad axe of flaming (weapon)
 O - a +2 scimitar of flaming
Missiles
 G - a throwing net (quivered)
Armour
 a - a +0 cloak (worn)
 j - a +5 kite shield (worn)
 l - a +0 pair of gloves (worn)
 x - an orb of mayhem
 z - a +0 scale mail of fire resistance
 A - a +0 plate armour (worn)
 B - a +2 pair of boots (worn)
 D - a +2 scale mail of poison resistance
Jewellery
 c - a ring of willpower (right hand)
 n - an amulet of reflection (around neck)
 r - a +5 ring of evasion (left hand)
 M - an amulet of guardian spirit
Wands
 i - a wand of charming (15)
 u - a wand of roots (15)
 E - a wand of mindburst (3)
 H - a wand of acid (8)
 K - a wand of polymorph (9)
 L - a wand of flame (27)
Scrolls
 b - 3 scrolls of fog
 o - 5 scrolls of teleportation
 v - a scroll of blinking
 y - a scroll of poison
 C - 2 scrolls of fear
Potions
 d - 2 potions of might
 e - 7 potions of brilliance
 g - 3 potions of invisibility
 h - 2 potions of magic
 k - a potion of resistance
 m - 2 potions of lignification {unknown}
 p - 7 potions of curing
 s - 4 potions of cancellation
 t - 9 potions of heal wounds
 w - 10 potions of ambrosia
 F - 4 potions of attraction
 I - 2 potions of berserk rage
 J - a potion of haste {unknown}
Miscellaneous
 q - a box of beasts
 N - a condenser vane


   Skills:
 + Level 10.8 Fighting
 + Level 16.4 Axes
 + Level 0.6 Throwing
 + Level 10.6 Armour
 + Level 4.3 Dodging
 + Level 1.2 Stealth
 + Level 15.2 Shields


You had 12 spell levels left.
You didn't know any spells.
Your spell library contained the following spells:

 Spells                   Type           Power      Damage    Failure   Level
 Freeze                   Ice            0%         1d3       100%        1
 Magic Dart               Conj           0%         1d3       100%        1
 Sandblast                Erth           0%         2d4       100%        1
 Sting                    Tmut/Pois      0%         1d3       100%        1
 Call Imp                 Summ           0%         N/A       100%        2
 Passwall                 Tmut/Erth      0%         N/A       100%        2
 Scorch                   Fire           0%         2d5       100%        2
 Dazzling Flash           Conj/Hex       0%         N/A       100%        3
 Ignite Poison            Fire/Tmut/Pois 0%         N/A       100%        3
 Mephitic Cloud           Conj/Pois/Air  0%         N/A       100%        3
 Stone Arrow              Conj/Erth      0%         3d7       100%        3
 Anguish                  Hex/Necr       0%         N/A       100%        4
 Animate Armour           Summ/Erth      0%         N/A       100%        4
 Flame Wave               Conj/Fire      0%         2d4       100%        4
 Ice Form                 Ice/Tmut       0%         N/A       100%        4
 Iskenderun's Mystic Bla  Conj/Tloc      0%         2d3       100%        4
 Olgreb's Toxic Radiance  Pois           0%         N/A       100%        4
 Agony                    Necr           0%         N/A       100%        5
 Blade Hands              Tmut           0%         N/A       100%        5
 Silence                  Hex/Air        0%         N/A       100%        5
 Yara's Violent Unravell  Hex/Tmut       0%         3d3       100%        5
 Iron Shot                Conj/Erth      0%         9d1       100%        6
 Starburst                Conj/Fire      0%         6d3       100%        6
 Summon Cactus Giant      Summ           0%         N/A       100%        6


Dungeon Overview and Level Annotations

Branches:
Dungeon (13/15)            Temple (0/1) D:5            Lair (0/5) D:9
    Orc (0/2) D:10         Vaults (0/5) D:13

Altars:
Ashenzari
Elyvilon
Makhleb
Nemelex Xobeh
Qazlal
Ru
Vehumet
Zin
The Shining One

Shops:
D:2 [*   D:9 *   D:12 **

Annotations:
D:9 1 runed translucent door
D:10 3 runed translucent doors


Innate Abilities, Weirdness & Mutations

You have a pair of large horns on your head.
You reflexively headbutt those who attack you in melee.
You have supernaturally acute eyesight. (SInv)
You do not regenerate when monsters are visible.
You passively dampen the noise of your surroundings.


Message History

You feel protected from cold.
The tengu reaver gestures at you while chanting.
The bolt of poison misses you.
The tengu reaver gestures at you while chanting.
The bolt of lightning misses you. x2
The tengu reaver closely misses you. You furiously retaliate!
You headbutt the tengu reaver! You block the tengu reaver's attack.
The tengu reaver claws you.
Your resistance to cold fades away.
You feel protected from physical attacks.
You slash the tengu reaver! You burn the tengu reaver.
You headbutt the tengu reaver!
The tengu reaver is heavily wounded.
The tengu reaver gestures at you while chanting.
The bolt of poison misses you.
You hit the tengu reaver but do no damage.
The tengu reaver is heavily wounded.
The tengu reaver gestures at you while chanting.
The bolt of lightning misses you.
You barely miss the tengu reaver.
The tengu reaver is heavily wounded.
You barely miss the tengu reaver.
The tengu reaver is heavily wounded.
You block the tengu reaver's attack.
The tengu reaver pecks you but does no damage.
You block the tengu reaver's attack.
You barely miss the tengu reaver.
The tengu reaver is heavily wounded.
The tengu reaver gestures at you while chanting.
The bolt of negative energy hits you!!
You feel drained.
* * * LOW HITPOINT WARNING * * *
The tengu reaver attacks as you move away!
You block the tengu reaver's attack.
The tengu reaver pecks you but does no damage.
You block the tengu reaver's attack.
The tengu reaver points at you and mumbles some strange words.
The bolt of fire hits you!!
Your resistance to physical damage fades away.
You feel protected from fire.
You die...

...^.......~.# #########
~.~.~.~.~.~.~# #.......#
...........~.##########.......#
...................>..........#
....<......~.######'###.#######
~...~.~.~.~.~# #....##.#
.~.........[.####....##.#
~...~.~.~.~.~........##.#
.~.....~...~..##@##'###.#
....~.~.~.~.~.##.##§###.#
.~.....~...~..##.QC§....#
....~.~.~.~.~.#####§######
.~.~...~...~....§Q§§§....#
..~.~.~.~.~.~#####§§§....#
.~.~...~...~.# #§§§§§..#
....~.~.~.~.≈# #..§§...#
.~.....~...~.# #..§....#


You could see a tengu reaver.

Vanquished Creatures
  Azrael (D:13)
  Josephine (D:12)
  A deep elf high priest (D:13)
  Erolcha (D:11)
  A rakshasa (D:13)
  2 centaur warriors (D:13)
  3 two-headed ogres
  A death knight (D:13)
  A boulder beetle (D:11)
  A tengu warrior (D:13)
  4 skeletal warriors (D:13)
  Pikel (D:6)
  An orc knight (D:13)
  2 cyclopes (D:11)
  2 manticores
  A gargoyle (D:12)
  Maggie (D:6)
  A cane toad (shapeshifter) (D:13)
  3 kobold demonologists (D:11)
  An unseen horror (D:12)
  An efreet (D:13)
  A komodo dragon (D:9)
  A queen bee (D:10)
  5 trolls
  9 slime creatures (D:12)
  A vampire (D:8)
  6 wraiths (D:11)
  A shadow (D:13)
  4 yaks
  2 fire elementals (D:13)
  4 basilisks
  Eustachio (D:5)
  2 wyverns (D:9)
  A hog (shapeshifter) (D:13)
  16 humans (D:13)
  3 steam dragons
  2 acid dragons
  3 hell hounds (D:13)
  A water moccasin (D:4)
  3 orc warriors
  A sky beast (D:7)
  2 ice beasts (D:8)
  2 black bears
  4 ogres
  9 centaurs
  3 lemures (D:6)
  3 bullfrogs
  3 kobold brigands
  3 necrophages
  2 gnoll sergeants
  4 scorpions
  10 wights
  23 killer bees
  A howler monkey (D:11)
  3 electric eels (D:13)
  A vampire bat (D:3)
  A lava snake (D:7)
  3 gnoll boudas
  6 hounds
  3 jellies
  5 orc priests
  6 orc wizards
  Ijyb (D:5)
  An iguana (D:6)
  31 gnolls
  5 adders
  A shadow imp (D:8)
  2 ufetubi (D:5)
  A worm (D:3)
  3 dart slugs
  35 orcs
  4 ball pythons
  14 bats
  9 endoplasms
  6 giant cockroaches
  3 goblins
  5 hobgoblins
  4 jackals
  13 kobolds
  A quokka (D:4)
  9 rats
343 creatures vanquished.

Vanquished Creatures (others)
  An orc wizard (D:9)
  2 plants
3 creatures vanquished.

Grand Total: 346 creatures vanquished

Notes
Turn   | Place    | Note
-------+----------+-------------------------------------------
     0 | D:1      | senseless the Minotaur Fighter began the quest for the Orb.
     0 | D:1      | Reached XP level 1. HP: 19/19 MP: 0/0
    64 | D:1      | Reached XP level 2. HP: 19/27 MP: 1/1
   236 | D:1      | Found a faded altar of an unknown god.
   239 | D:1      | Reached XP level 3. HP: 33/33 MP: 2/2
   666 | D:1      | Reached skill level 3 in Axes
   948 | D:2      | Found Kyodatid's Assorted Antiques.
   955 | D:2      | Bought a murky inky potion for 18 gold pieces
   955 | D:2      | Bought a fizzy purple potion for 18 gold pieces
   955 | D:2      | Bought a murky inky potion for 18 gold pieces
  1125 | D:2      | Found Eqinat's Antique Armour Shoppe.
  1243 | D:2      | You fall into a shaft and drop 1 floor!
  1261 | D:3      | Found a stormy altar of Qazlal.
  1767 | D:3      | Reached XP level 4. HP: 40/40 MP: 3/3
  1922 | D:3      | Reached skill level 4 in Axes
  1922 | D:3      | Reached XP level 5. HP: 46/46 MP: 4/4
  2060 | D:3      | Reached skill level 1 in Dodging
  2176 | D:3      | Got the Octavo of Vexatious Nausea
  2550 | D:4      | Reached skill level 5 in Armour
  2800 | D:4      | Reached skill level 5 in Shields
  2800 | D:4      | Reached XP level 6. HP: 53/53 MP: 5/5
  2967 | D:4      | Reached skill level 5 in Axes
  3248 | D:3      | Became a worshipper of Qazlal Stormbringer
  3305 | D:4      | Gained mutation: You are vulnerable to heat. (rF-) [potion
                  | of mutation]
  3768 | D:4      | Found a broken altar of Ashenzari.
  3799 | D:4      | Found a glowing golden altar of the Shining One.
  3890 | D:5      | Entered Level 5 of the Dungeon
  3890 | D:5      | Noticed a water moccasin
  3983 | D:4      | Reached XP level 7. HP: 57/60 MP: 6/6
  3989 | D:4      | Reached skill level 5 in Fighting
  3989 | D:4      | Reached skill level 6 in Axes
  4054 | D:5      | Noticed Eustachio
  4090 | D:5      | Killed Eustachio
  4180 | D:5      | Reached skill level 7 in Axes
  4180 | D:5      | Reached XP level 8. HP: 68/68 MP: 7/7
  4333 | D:5      | Noticed Ijyb
  4342 | D:5      | Killed Ijyb
  4342 | D:5      | Reached * piety under Qazlal
  4484 | D:5      | Found a staircase to the Ecumenical Temple.
  4890 | D:6      | Noticed Maggie
  4912 | D:6      | Killed Maggie
  4913 | D:6      | Reached skill level 8 in Axes
  5184 | D:6      | Found a radiant altar of Vehumet.
  5261 | D:6      | Noticed Pikel
  5271 | D:6      | Killed Pikel
  5272 | D:6      | Reached skill level 9 in Axes
  5272 | D:6      | Reached skill level 1 in Stealth
  5272 | D:6      | Reached XP level 9. HP: 65/75 MP: 8/8
  5945 | D:6      | Lost mutation: You are vulnerable to heat. (rF-) [potion of
                  | mutation]
  5945 | D:6      | Gained mutation: Your body sometimes deteriorates upon
                  | taking damage. [potion of mutation]
  6167 | D:7      | Found a white marble altar of Elyvilon.
  6304 | D:7      | Reached skill level 10 in Axes
  6330 | D:7      | Reached skill level 10 in Shields
  6368 | D:7      | Found a sacrificial altar of Ru.
  6695 | D:7      | Reached ** piety under Qazlal
  7025 | D:7      | Reached XP level 10. HP: 68/86 MP: 9/9
  7189 | D:8      | Noticed a two-headed ogre
  7197 | D:8      | Killed a two-headed ogre
  7198 | D:8      | Reached skill level 11 in Axes
  7421 | D:8      | Found a glowing silver altar of Zin.
  7457 | D:8      | Noticed a two-headed ogre
  7466 | D:8      | Killed a two-headed ogre
  7540 | D:8      | Reached skill level 12 in Axes
  8008 | D:9      | Noticed a manticore
  8016 | D:9      | Killed a manticore
  8162 | D:9      | Found a runed translucent door.
  8162 | D:9      | Found a burning altar of Makhleb.
  8162 | D:9      | Noticed a sixfirhy
  8166 | D:9      | Found Pom Apir's Assorted Antiques.
  8498 | D:9      | Reached XP level 11. HP: 46/95 MP: 10/10
  8649 | D:9      | Found a staircase to the Lair.
  8769 | D:9      | Lost mutation: Your body sometimes deteriorates upon taking
                  | damage. [potion of mutation]
  8769 | D:9      | Gained mutation: You have a pair of large horns on your
                  | head. [potion of mutation]
  8769 | D:9      | Gained mutation: You passively dampen the noise of your
                  | surroundings. [potion of mutation]
  8769 | D:9      | Gained mutation: You do not regenerate when monsters are
                  | visible. [potion of mutation]
  8769 | D:9      | Gained mutation: You have supernaturally acute eyesight.
                  | (SInv) [potion of mutation]
  8830 | D:10     | Entered Level 10 of the Dungeon
  8900 | D:9      | Reached *** piety under Qazlal
  8903 | D:9      | Reached skill level 13 in Axes
  8999 | D:10     | Found a runed translucent gate.
  8999 | D:10     | Found a runed translucent gate.
  8999 | D:10     | Found a runed translucent gate.
  8999 | D:10     | Noticed a white ugly thing
  8999 | D:10     | Noticed a brown ugly thing
  9000 | D:10     | Noticed a white ugly thing
  9009 | D:10     | a merfolk changed into a shock serpent
  9009 | D:10     | Noticed a shock serpent (glowing shapeshifter)
  9011 | D:10     | a shock serpent changed into a faun
  9074 | D:10     | Found a staircase to the Orcish Mines.
  9625 | D:10     | Reached **** piety under Qazlal
  9789 | D:10     | Noticed a harpy
  9792 | D:10     | a harpy changed into an unseen horror
 10552 | D:11     | Noticed a soul eater
 10566 | D:11     | Noticed Erolcha
 10576 | D:11     | Killed Erolcha
 10763 | D:11     | Noticed a boulder beetle
 10782 | D:11     | Killed a boulder beetle
 10783 | D:11     | Reached skill level 14 in Axes
 11079 | D:12     | Noticed Josephine
 11113 | D:12     | Killed Josephine
 11219 | D:12     | Found Imnoaf's Island Escapes.
 11255 | D:12     | Reached XP level 12. HP: 79/104 MP: 11/11
 11378 | D:12     | Got Sif Muna's Lectures on Disgusting Hail
 11521 | D:12     | Found Vetizocw's Assorted Antiques.
 11535 | D:12     | Bought a scroll labelled ZYLEID WUIKHE for 31 gold pieces
 11853 | D:13     | Noticed a centaur warrior
 11853 | D:13     | Noticed a two-headed ogre
 11853 | D:13     | Noticed a centaur warrior
 11853 | D:13     | Found a gate to the Vaults.
 11920 | D:13     | Noticed a tengu warrior
 11990 | D:13     | Reached skill level 15 in Axes
 11993 | D:13     | Killed a two-headed ogre
 11993 | D:13     | Reached ***** piety under Qazlal
 11994 | D:13     | Killed a centaur warrior
 11998 | D:13     | Killed a centaur warrior
 12001 | D:13     | Reached skill level 10 in Fighting
 12003 | D:13     | Reached skill level 10 in Armour
 12146 | D:13     | Killed a tengu warrior
 12215 | D:13     | Noticed a death knight
 12229 | D:13     | Killed a death knight
 12387 | D:13     | Found a sparkling altar of Nemelex Xobeh.
 12428 | D:13     | Reached skill level 16 in Axes
 12788 | D:13     | Reached skill level 15 in Shields
 12788 | D:13     | Reached XP level 13. HP: 104/114 MP: 12/12
 12815 | D:13     | Noticed Azrael
 12832 | D:13     | Killed Azrael
 13120 | D:13     | Noticed a tengu reaver
 13123 | D:13     | Noticed a frost giant
 13408 | D:13     | Killed from afar by a tengu reaver

Illustrated notes

Levels and vault maps discovered:
D:1:      lightli_arrival_isolated_outpost, layout_rooms,
          shapermc_ecumenical_altar_starsandcircs, serial_bayou_pond_b
D:2:      minmay_recursive_quarters, layout_loops_corners, serial_shops,
          shop_fountains, nicolae_shop_overgrown_old_shop
D:3:      layout_rooms, nicolae_overflow_hidden_temple, roderic_batcave,
          grunt_ministairs_11, minmay_checkerbox
D:4:      layout_layer_cave, mainiacjoe_overflow_two_lobes,
          minmay_fractal_squares_diagonal_5
D:5:      layout_cave_pools, minmay_temple_entry_poolview, uniq_ijyb,
          uniq_eustachio
D:6:      layout_basic, marbit_many_paths, uniq_pikel, uniq_maggie
D:7:      layout_basic, mainiacjoe_overflow_alcove_4, elyvilon_altar_1,
          serial_bayou_ford_a, nicolae_lava_and_water
D:8:      layout_basic, zin_treasury
D:9:      layout_basic, nzn_makhleb_speed_demon, erik_lair_dragon, serial_shops,
          shop_fountains
D:10:     layout_basic, hiddenorc1_lemuel,
          ploomutoo_gammafunk_ghost_potion_laboratory, special_room
          [special_room_bee]
D:11:     layout_basic, hangedman_decor_growths, uniq_erolcha
D:12:     layout_roguey, serial_shops, shop, nicolae_island_escapes,
          uniq_josephine
D:13:     minmay_glassy_protrusions, layout_basic, david_vaults_3,
          nemelex_lonely_heart_becter, uniq_azrael

Skill      XL: |  1  2  3  4  5  6  7  8  9 10 11 12 |
---------------+-------------------------------------+-----
Armour         | 4 5 6 7 8 9 10 | 10.6
Fighting       | 4 5 6 7 8 9 10 | 10.8
Shields        | 4 5 6 8 10 11 13 15 | 15.2
Axes           | 3 4 5 7 9 10 12 14 16 | 16.4
Dodging        | 1 2 3 4 |  4.3
Stealth        | 1 |  1.2
Throwing       | |  0.6

Action                     |  1- 3 |  4- 6 |  7- 9 | 10-12 | 13-15 || total
---------------------------+-------+-------+-------+-------+-------++-------
  Melee: War axe           |    75 |       |       |       |       ||    75
         Headbutt          |     9 |     8 |    37 |    66 |     6 ||   126
         Hand axe          |     5 |    90 |    87 |       |       ||   182
         Broad axe         |       |       |   129 |   434 |    40 ||   603
  Throw: Throwing net      |       |       |     2 |     1 |       ||     3
    Use: Scroll            |    10 |    10 |     3 |     6 |     3 ||    32
         Potion            |       |     1 |     1 |     3 |       ||     5
   Stab: Held in net/web   |       |       |     1 |       |       ||     1
 Armour: Scale mail        |    21 |    14 |       |       |       ||    35
         Plate armour      |       |    13 |    54 |    87 |    14 ||   168
  Dodge: Dodged            |    30 |    42 |    55 |   112 |    19 ||   258
         Repelled          |       |       |       |     2 |     1 ||     3
  Block: Buckler           |    10 |       |       |       |       ||    10
         Kite shield       |    43 |    97 |   226 |   542 |    55 ||   963
         Reflection        |       |       |     6 |    27 |     1 ||    34

Table legend: (Time is in decaauts)
 A = Elapsed time spent in this place.
 B = Non-inter-level travel time spent in this place.
 C = Inter-level travel time spent in this place.
 D = Time resting spent in this place.
 E = Time spent auto-exploring this place.
 F = Levels seen in this place.
 G = Mean time per level.
                   A        B        C        D        E       F      G
               +--------+--------+--------+--------+--------+-----+--------+
         Total |  13666 |  12264 |   1402 |    967 |   8965 |  13 | 1051.2 |
       Dungeon |  13666 |  12264 |   1402 |    967 |   8965 |  13 | 1051.2 |
               +--------+--------+--------+--------+--------+-----+--------+

Top non-repeatable levels by time:
     D:4: 1597 daAuts
    D:13: 1420 daAuts
    D:10: 1288 daAuts
     D:6: 1264 daAuts
     D:2: 1080 daAuts
     D:7: 1052 daAuts
     D:9: 1006 daAuts
    D:12: 897 daAuts
    D:11: 886 daAuts
     D:8: 872 daAuts
     D:5: 795 daAuts
     D:3: 773 daAuts
     D:1: 731 daAuts
